 Dungeon Crawl Stone Soup version 0.28-a0-71-g84acfa7270 (webtiles) character file.

Game seed: 2807316501942838783

199 mcsnuffy the Stinger (level 5, 0/30 HPs)
             Began as a Deep Elf Venom Mage on Aug 1, 2021.
             Killed from afar by Crazy Yiuf (9 damage)
             ... with a puff of flame
             ... on level 2 of the Dungeon.
             The game lasted 00:10:34 (2210 turns).

mcsnuffy the Stinger (Deep Elf Venom Mage)          Turns: 2210, Time: 00:10:37

Health: 0/30       AC:  2    Str:  5    XL:     5   Next: 48%
Magic:  9/13       EV: 13    Int: 21    God:
Gold:   40         SH:  0    Dex: 15    Spells: 9/12 levels left

rFire   . . .      SeeInvis .   j - +4 flail
rCold   . . .      Faith    .   (no shield)
rNeg    . . .      Spirit   .   a - +0 robe
rPois   .          Reflect  .   (no helmet)
rElec   .          Harm     .   (no cloak)
rCorr   .          Rampage  .   (no gloves)
Will    .....                   (no boots)
Stlth   ++........              d - amulet of magic regeneration
HPRegen 0.10/turn               L - ring of flight
MPRegen 0.38/turn               (no ring)

@: flying
A: no striking features
a: no special abilities


You were on level 2 of the Dungeon.
You visited 1 branch of the dungeon, and saw 2 of its levels.

You collected 40 gold pieces.


   Skills:
 + Level 1.9 Fighting
 - Level 3.0 Dodging
 - Level 3.0 Stealth
 - Level 4.0 Spellcasting
 - Level 1.5 Transmutations
 - Level 5.1 Poison Magic


You had 9 spell levels left.
You knew the following spells:

 Your Spells              Type           Power      Damage    Failure   Level
p - Poisonous Vapours     Pois/Air       30%        N/A       6%          2
z - Sting                 Tmut/Pois      72%        1d6       3%          1

Your spell library contained the following spells:

 Spells                   Type           Power      Damage    Failure   Level
 Olgreb's Toxic Radiance  Pois           26%        N/A       14%         4
 Mephitic Cloud           Conj/Pois/Air  11%        N/A       19%         3

Inventory:

Hand Weapons
 b - a +0 dagger
 g - a +2 hunting sling of freezing
 j - a +4 flail (weapon)
Armour
 a - a +0 robe (worn)
Jewellery
 d - an amulet of magic regeneration (around neck)
 m - an amulet of guardian spirit
 L - a ring of flight (left hand)
Scrolls
 c - a scroll of enchant armour {unknown}
 f - a scroll of vulnerability {unknown}
 h - a scroll of blinking {unknown}
 l - 2 scrolls of fog {unknown}
Potions
 e - a potion of might {unknown}
 i - 2 potions of flight {unknown}
 k - a potion of mutation {unknown}

Dungeon Overview and Level Annotations

Branches:
Dungeon (2/15)

Altars:

Annotations:
D:2 Crazy Yiuf

###....#### #..#
#... ##..##
####.## #...
♣....♣
#.....###[..
♣...♣♣
#..#.....#.#
♣♣.♣♣
#....##....#
♣.♣♣
#....##.>...
♣♣.♣
#....#..#...
♣.♣♣
#....#.#..##
♣♣@♣
#........... ▒'▒
#........... ...
#...........
▒...▒
#.........).
▒.g)▒
#...........
▒▒▒▒▒
#...........
#...........
#####......)....
#.............†.


You could see Crazy Yiuf (very poisoned).


Message History

Aiming: Poisonous Vapours (safe; 6% risk of failure)
Press: ? - help, Dir - move target, f/p - jackal
Aim: a jackal (lightly wounded, very poisoned) Poisonous vapours surround the jackal!
The jackal looks even sicker.
The jackal barely misses you.
You kill the jackal!
You see here a +0 leather armour.
Found a mace.
Found a runed translucent door.
Press: ? - help, v - describe, . - travel
Here: Crazy Yiuf, wielding a +2 quarterstaff of chaos, wearing a +1 cloak of stealth and carrying a wand of flame (23) (asleep, fire blocked by a runed translucent door)
The floor.
You reach down and open the door.
Crazy Yiuf shouts!
Crazy Yiuf zaps a wand.
The puff of flame hits you!
Casting: Poisonous Vapours (safe; 6% risk of failure)
Confirm with . or Enter, or press ? or * to list all spells.
Aiming: Poisonous Vapours (safe; 6% risk of failure)
Press: ? - help, Dir - move target, f - Crazy Yiuf
Aim: Crazy Yiuf, wielding a +2 quarterstaff of chaos, wearing a +1 cloak of stealth and carrying a wand of flame (22) Poisonous vapours surround Crazy Yiuf!
Crazy Yiuf is poisoned.
Crazy Yiuf zaps a wand.
The puff of flame hits you!
* * * LOW HITPOINT WARNING * * *
Casting: Poisonous Vapours (safe; 6% risk of failure)
Confirm with . or Enter, or press ? or * to list all spells.
Aiming: Poisonous Vapours (safe; 6% risk of failure)
Press: ? - help, Dir - move target, f/p - Crazy Yiuf
Aim: Crazy Yiuf, wielding a +2 quarterstaff of chaos, wearing a +1 cloak of stealth and carrying a wand of flame (21) (poisoned) Poisonous vapours surround Crazy Yiuf!
Crazy Yiuf looks even sicker.
Crazy Yiuf zaps a wand.
The puff of flame hits you!
You die...

Skill      XL: |  1  2  3  4  5 |
---------------+----------------+-----
Stealth        | 3 |  3.0
Dodging        | 3 |  3.0
Spellcasting   | 4 |  4.0
Poison Magic   | 4 5 |  5.1
Fighting       | 1 |  1.9
Transmutations | |  1.5

Action                   |  1- 3 |  4- 6 || total
-------------------------+-------+-------++-------
Melee: Dagger            |     6 |     1 ||     7
       Flail             |       |     2 ||     2
 Cast: Sting             |    45 |    24 ||    69
       Poisonous Vapours |     4 |    34 ||    38
 Stab: Sleeping          |     1 |       ||     1
Armor: Robe              |     3 |     2 ||     5
Dodge: Dodged            |    12 |    11 ||    23

Levels and vault maps discovered:
D:1:      dpeg_arrival_tiny_a, layout_loops_ring, serial_park_tiny_1,
          hangedman_feature_mirror, minmay_statues_item
D:2:      layout_rooms, uniq_crazy_yiuf_cottage, uniq_jessica, uniq_natasha

Notes
Turn   | Place    | Note
-------+----------+-------------------------------------------
     0 | D:1      | mcsnuffy the Deep Elf Venom Mage began the quest for the
                  | Orb.
     0 | D:1      | Reached XP level 1. HP: 10/10 MP: 6/6
   197 | D:1      | Reached XP level 2. HP: 15/15 MP: 4/8
   843 | D:1      | Reached skill level 3 in Stealth
   990 | D:2      | Reached XP level 3. HP: 19/19 MP: 7/9
   996 | D:2      | Learned a level 2 spell: Poisonous Vapours
  1016 | D:2      | Reached skill level 3 in Dodging
  1105 | D:2      | Noticed Natasha
  1115 | D:2      | Killed Natasha
  1116 | D:2      | Reached skill level 4 in Spellcasting
  1116 | D:2      | Reached skill level 4 in Poison Magic
  1228 | D:2      | Noticed Natasha
  1285 | D:2      | Reached XP level 4. HP: 24/24 MP: 12/12
  1483 | D:2      | Killed Natasha
  1505 | D:2      | Noticed Natasha
  1511 | D:2      | Killed Natasha
  1512 | D:2      | Reached skill level 5 in Poison Magic
  1719 | D:2      | Reached XP level 5. HP: 28/28 MP: 8/13
  1997 | D:2      | Reached skill level 1 in Fighting
  2073 | D:2      | Noticed Jessica
  2079 | D:2      | Killed Jessica
  2204 | D:2      | Found a runed translucent door.
  2205 | D:2      | Noticed Crazy Yiuf
  2210 | D:2      | Killed from afar by Crazy Yiuf

Vanquished Creatures
  Jessica (D:2)
  Natasha (thrice) (D:2)
  2 adders
  4 gnolls (D:2)
  A worm (D:2)
  4 endoplasms
  2 giant cockroaches
  6 goblins
  8 jackals
  3 quokkas
  3 bats
  3 frilled lizards
  2 kobolds
  3 rats (D:1)
45 creatures vanquished.

Table legend: (Time is in decaauts)
 A = Elapsed time spent in this place.
 B = Non-inter-level travel time spent in this place.
 C = Inter-level travel time spent in this place.
 D = Time resting spent in this place.
 E = Time spent auto-exploring this place.
 F = Levels seen in this place.
 G = Mean time per level.
                   A        B        C        D        E       F      G
               +--------+--------+--------+--------+--------+-----+--------+
         Total |   2223 |   2206 |     17 |    457 |   1222 |   2 | 1111.5 |
       Dungeon |   2223 |   2206 |     17 |    457 |   1222 |   2 | 1111.5 |
               +--------+--------+--------+--------+--------+-----+--------+

Top non-repeatable levels by time:
     D:1: 1175 daAuts
     D:2: 1048 daAuts

Table legend:
 A = Non-vault XP
 B = Vault XP
 C = Vault XP percentage of total XP
 D = Non-vault monster count
 E = Vault monster count
 F = Vault count percentage of total count
                 A         B        C        D         E       F
            +---------+---------+-------+---------+---------+-------
      Total |     210 |      75 |  26.3 |      41 |       4 |   8.9
            +---------+---------+-------+---------+---------+-------
        D:1 |      47 |       3 |   6.0 |      21 |       2 |   8.7
        D:2 |     163 |      72 |  30.6 |      20 |       2 |   9.1
            +---------+---------+-------+---------+---------+-------
